 Dungeon Crawl Stone Soup version 0.31-a0-455-g1a7b003ef0 (webtiles) character file.

Game seed: 12472870557954363900

0 Imperners the Firebug (level 1, -2/14 HPs)
             Began as a Meteoran Fire Elementalist on Aug 3, 2023.
             Slain by a kobold
             ... wielding a +0 club
              (4 damage)
             ... on level 1 of the Dungeon.
             The game lasted 00:04:48 (167 turns).

Imperners the Firebug (Meteoran Fire Elementalist)   Turns: 167, Time: 00:04:48

Health: -2/14      AC:  2    Str:  9    XL:     1   Next: 14%
Magic:  5/5        EV: 12    Int: 16    God:
Gold:   0          SH:  0    Dex: 14    Spells: 4/5 levels left

rFire   . . .        (no weapon)
rCold   . . .        (no shield)
rNeg    . . .        a - +0 robe
rPois   .            (no helmet)
rElec   .            (no cloak)
rCorr   .            (no gloves)
SInv    .            (no boots)
Will    .....        (no amulet)
Stlth   +            (no ring)
HPRegen 0.22/turn    (no ring)
MPRegen 0.09/turn

%: no passive effects
@: glowing
A: sense surroundings 1, otherworldly, glowing, explore regen
a: no special abilities


You were on level 1 of the Dungeon.
You visited 1 branch of the dungeon, and saw 1 of its levels.

Inventory:

Armour
 a - a +0 robe (worn)
Potions
 b - 2 potions of magic


   Skills:
 + Level 2.4 Dodging
 + Level 1.4 Stealth
 + Level 2.6 Spellcasting
 + Level 1.2 Conjurations
 + Level 3.7 Fire Magic


You had 4 spell levels left.
You knew the following spells:

 Your Spells              Type           Power      Damage    Failure   Level
a - Foxfire               Conj/Fire      40%        2x1d6     7%          1

Your spell library contained the following spells:

 Spells                   Type           Power      Damage    Failure   Level
 Scorch                   Fire           26%        2d6       6%          2
 Inner Flame              Hex/Fire       8%         N/A       26%         3
 Volatile Blastmotes      Fire/Tloc      16%        2d11      26%         3
 Flame Wave               Conj/Fire      10%        2d6       56%         4


Dungeon Overview and Level Annotations

Branches:
Dungeon (1/15) Zot: 433

Altars:


Innate Abilities, Weirdness & Mutations

You passively map a small area around you.
You are easily found by Zot.
You glow in the dark.
You regain HP and MP as you explore.


Message History

The rat twitches its whiskers.
The rat closely misses you.
You hit the rat but do no damage. The rat bites you.
You hit the rat.
The rat is moderately wounded.
The kobold barely misses you. The rat bites you but does no damage.
You completely miss the rat.
The rat is moderately wounded.
The rat misses you. The kobold closely misses you.
You closely miss the rat.
The rat is moderately wounded.
The rat bites you. The kobold closely misses you.
You hit the rat but do no damage.
The rat is moderately wounded.
The kobold hits you with a +0 club. The rat bites you.
You hit the rat but do no damage. You punch the rat, but do no damage.
The rat is moderately wounded.
The dart slug launches a dart at you. The slug dart misses you.
The rat bites you. The kobold misses you.
You hit the rat.
The rat is severely wounded.
The rat bites you but does no damage. The kobold hits you with a +0 club.
You hit the rat but do no damage.
The rat is severely wounded.
The kobold hits you with a +0 club.
* * * LOW HITPOINT WARNING * * *
The rat bites you.
* * * LOW HITPOINT WARNING * * *
You hit the rat.
You kill the rat!
The kobold hits you but does no damage.
Found a robe.
You see here a rat corpse.
An endoplasm comes into view.
The endoplasm quivers.
The kobold hits you with a +0 club.
* * * LOW HITPOINT WARNING * * *
The kobold attacks as you move away! The kobold barely misses you.
The kobold attacks as you move away! The kobold hits you with a +0 club.
You die...

*, , ,, , , , *
* * , ,,*** , ,
# # #. #.# .#
#. ##.#####.# *
#..#........#
#..#...@K.#* *
#.....###.###
##.#..#.....#,*
#.#..#.#.#.#.#
#.....†......#
###.w#.#J#.###
##..#....[#
**###
#...###=###
###...# #..##
#.#


You could see a kobold.

Vanquished Creatures
  A rat (D:1)
1 creature vanquished.

Notes
Turn   | Place    | Note
-------+----------+-------------------------------------------
     0 | D:1      | Imperners the Meteoran Fire Elementalist began the quest
                  | for the Orb.
     0 | D:1      | Reached XP level 1. HP: 14/14 MP: 5/5
   167 | D:1      | Slain by a kobold

Illustrated notes

Levels and vault maps discovered:
D:1:      scummos_arrival_hexagon, layout_loops_ring, minivault_23

Action                     || total
---------------------------++-------
  Melee: Unarmed           ||    10
         Punch             ||     1
 Armour: Robe              ||     3
  Dodge: Dodged            ||     9

Table legend: (Time is in decaauts)
 A = Elapsed time spent in this place.
 B = Non-inter-level travel time spent in this place.
 C = Inter-level travel time spent in this place.
 D = Time resting spent in this place.
 E = Time spent auto-exploring this place.
 F = Levels seen in this place.
 G = Mean time per level.
                   A        B        C        D        E       F      G
               +--------+--------+--------+--------+--------+-----+--------+
         Total |    167 |     82 |     85 |      0 |      0 |   1 |  167.0 |
       Dungeon |    167 |     82 |     85 |      0 |      0 |   1 |  167.0 |
               +--------+--------+--------+--------+--------+-----+--------+

Top non-repeatable levels by time:
     D:1: 167 daAuts
